 Dungeon Crawl Stone Soup version 0.29.0-10-g45618ea6d2 (webtiles) character file.

Game seed: 5626431668459373595

1940 nickcage the Basher (level 8, -1/60 HPs)
             Began as a Minotaur Gladiator on Sept 1, 2022.
             Was a Follower of Hepliaklqana.
             Slain by a gnoll sergeant
             ... wielding a +4 trident of protection
              (9 damage)
             ... on level 6 of the Dungeon.
             The game lasted 00:11:28 (5759 turns).

nickcage the Basher (Minotaur Gladiator)            Turns: 5759, Time: 00:11:29

Health: -1/60      AC: 10    Str: 21    XL:     8   Next: 98%
Magic:  7/7        EV:  8    Int: 11    God:    Hepliaklqana [*.....]
Gold:   460        SH:  3    Dex: 12    Spells: 7/7 levels left

rFire   . . .      SeeInvis .   v - +2 morningstar (vamp)
rCold   + . .      Faith    .   H - +0 buckler
rNeg    . . .      Spirit   .   x - +0 chain mail
rPois   .          Reflect  .   c - +1 hat
rElec   .          Harm     .   (no cloak)
rCorr   .          Rampage  .   (no gloves)
Will    .....                   (no boots)
Stlth   ..........              (no amulet)
HPRegen 0.20/turn               k - ring of protection from cold
MPRegen 0.10/turn               p - +6 ring of intelligence

@: no status effects
A: reduced essence, horns 2, retaliatory headbutt
a: Renounce Religion, Recall Ancestor, Ancestor Identity


You were on level 6 of the Dungeon.
You worshipped Hepliaklqana.
Hepliaklqana was aware of your devotion.
You visited 1 branch of the dungeon, and saw 6 of its levels.

You collected 484 gold pieces.
You spent 24 gold pieces at shops.

Inventory:

Hand Weapons
 a - a +1 flail of flaming
 v - a +2 vampiric morningstar (weapon)
Missiles
 d - 3 throwing nets
 e - 5 javelins
 o - 16 poisoned darts (quivered)
 y - 8 boomerangs
Armour
 b - a +0 leather armour
 c - a +1 hat (worn)
 x - a +0 chain mail (worn)
 H - a +0 buckler (worn)
Jewellery
 k - a ring of protection from cold (left hand)
 p - a +6 ring of intelligence (right hand)
 F - an amulet of guardian spirit
Wands
 C - a wand of flame (5)
 E - a wand of roots (11)
Scrolls
 h - 2 scrolls of fog {unknown}
 m - 2 scrolls of magic mapping
 r - 2 scrolls of silence {unknown}
 u - a scroll of amnesia {unknown}
 z - 2 scrolls of identify
 A - 2 scrolls of teleportation
 B - a scroll of summoning {unknown}
 D - a scroll of enchant weapon
 I - a scroll of blinking {unknown}
Potions
 f - 3 potions of mutation {unknown}
 g - 4 potions of degeneration
 i - 2 potions of might {unknown}
 j - 3 potions of heal wounds
 l - 2 potions of curing
 n - 2 potions of brilliance
 q - a potion of attraction
 s - 2 potions of flight {unknown}
 t - 2 potions of haste
 w - a potion of resistance {unknown}
 G - a potion of cancellation {unknown}


   Skills:
 + Level 4.8 Fighting
 + Level 12.6 Maces & Flails
 - Level 2.0 Throwing
 + Level 4.9 Armour
 - Level 3.2 Dodging
 * Level 0.4 Shields


You had 7 spell levels left.
You didn't know any spells.
Your spell library contained the following spells:

 Spells                   Type           Power      Damage    Failure   Level
 Sandblast                Erth           0%         2d4       99%         1
 Ensorcelled Hibernation  Hex/Ice        0%         N/A       99%         2
 Passwall                 Tmut/Erth      0%         N/A       99%         2
 Stone Arrow              Conj/Erth      0%         3d7       100%        3
 Swiftness                Air            0%         N/A       100%        3


Dungeon Overview and Level Annotations

Branches:
Dungeon (6/15)
 Temple: D:4-7

Altars:
Cheibriados
Gozag
Hepliaklqana
Nemelex Xobeh
Sif Muna
Trog
Yredelemnul

Shops:
D:3 :::*?


Innate Abilities, Weirdness & Mutations

Your life essence is reduced to manifest your ancestor. (-10% HP)
You have a pair of horns on your head.
You reflexively headbutt those who attack you in melee.


Message History

You sock the scorpion!
You kill the scorpion!
You feel sick.
The gnoll sergeant hits Akhenaten with a +4 trident of protection!
Akhenaten is destroyed!
You throw a poisoned dart. The poisoned dart hits the gnoll.
You throw a poisoned dart. The poisoned dart hits the gnoll.
The gnoll is poisoned.
You feel sick.
You barely miss the gnoll. You headbutt the gnoll.
The gnoll is moderately wounded.
You feel sick. The gnoll hits you with a +0 whip!
The gnoll hits you from afar with a +0 spear.
You barely miss the gnoll.
The gnoll is moderately wounded.
You feel sick. The gnoll closely misses you.
The gnoll hits you from afar with a +0 spear.
You closely miss the gnoll.
The gnoll is moderately wounded.
You feel sick.
You are no longer poisoned.
The gnoll completely misses you.
You puncture the gnoll!
You feel better.
You kill the gnoll!
The gnoll sergeant hits you with a +4 trident of protection!
The gnoll hits you from afar with a +0 halberd!
You hit the gnoll sergeant but do no damage.
You headbutt the gnoll sergeant, but do no damage.
The gnoll sergeant hits you with a +4 trident of protection!
The gnoll hits you from afar with a +0 halberd.
* * * LOW HITPOINT WARNING * * *
You barely miss the gnoll sergeant. You headbutt the gnoll sergeant.
The gnoll sergeant is lightly wounded.
The gnoll sergeant hits you but does no damage.
The gnoll hits you from afar with a +0 halberd!
* * * LOW HITPOINT WARNING * * *
You hit the gnoll sergeant but do no damage.
Your headbutt misses the gnoll sergeant.
The gnoll sergeant is lightly wounded.
The gnoll sergeant hits you with a +4 trident of protection!
You die...

# ~~~ ######
#...# #ggg.#
..$..g#)##@#
gg?$.gg.##.#
..[..~####.##
#...#~ #..#
~~~ ~ ##.#
####### #.#
#.....# #.#
#.....# #.#
#.....# #.#


You could see a gnoll sergeant and 2 gnolls.

Vanquished Creatures
  A kobold demonologist (D:6)
  Grinder (D:4)
  A wyvern (D:5)
  A water moccasin (D:5)
  A black bear (D:5)
  2 ogres (D:5)
  2 phantoms
  4 scorpions
  A howler monkey (D:6)
  5 hounds
  A jelly (D:6)
  2 orc priests
  An iguana (D:5)
  2 orc wizards
  5 adders
  9 gnolls
  An ufetubus (D:5)
  2 worms
  2 dart slugs
  23 orcs
  2 ball pythons
  6 endoplasms
  3 giant cockroaches
  4 hobgoblins
  4 jackals (D:1)
  6 quokkas
  7 bats
  4 frilled lizards
  5 goblins
  5 kobolds
  6 rats
119 creatures vanquished.

Vanquished Creatures (others)
  A wizard (D:6)
  An ancestor (D:6)
  A plant (D:1)
3 creatures vanquished.

Grand Total: 122 creatures vanquished

Notes
Turn   | Place    | Note
-------+----------+-------------------------------------------
     0 | D:1      | nickcage the Minotaur Gladiator began the quest for the
                  | Orb.
     0 | D:1      | Reached XP level 1. HP: 18/18 MP: 0/0
    17 | D:1      | Reached skill level 4 in Maces & Flails
   134 | D:1      | Reached XP level 2. HP: 25/25 MP: 1/1
   402 | D:1      | Found a faded altar of an unknown god.
   586 | D:1      | Reached skill level 5 in Maces & Flails
   877 | D:2      | Reached XP level 3. HP: 26/30 MP: 2/2
  1645 | D:3      | Reached skill level 6 in Maces & Flails
  1645 | D:3      | Reached XP level 4. HP: 3/37 MP: 3/3
  1947 | D:3      | Found Deproequ's General Store.
  1962 | D:3      | Bought a scroll of identify for 24 gold pieces
  2137 | D:3      | Found a basalt altar of Yredelemnul.
  2230 | D:3      | Found Delluyt's Book Emporium.
  2232 | D:3      | Found Wanuissa's Book Emporium.
  2269 | D:3      | Found Emefisaj's Book Boutique.
  2640 | D:3      | Found Lesch's Magic Scroll Boutique.
  2765 | D:4      | Found a shimmering blue altar of Sif Muna.
  2816 | D:4      | Reached XP level 5. HP: 42/42 MP: 4/4
  2912 | D:4      | Reached skill level 7 in Maces & Flails
  2946 | D:4      | Noticed Grinder
  2962 | D:4      | Killed Grinder
  2963 | D:4      | Reached skill level 8 in Maces & Flails
  2963 | D:4      | Reached XP level 6. HP: 28/50 MP: 5/5
  3295 | D:4      | Reached skill level 9 in Maces & Flails
  3745 | D:5      | Entered Level 5 of the Dungeon
  3924 | D:5      | Noticed a wyvern
  3929 | D:5      | Killed a wyvern
  3930 | D:5      | Reached skill level 10 in Maces & Flails
  3930 | D:5      | Reached XP level 7. HP: 56/56 MP: 6/6
  3978 | D:5      | Reached skill level 1 in Armour
  4175 | D:5      | Found a sparkling altar of Nemelex Xobeh.
  4186 | D:5      | Reached skill level 11 in Maces & Flails
  4406 | D:5      | Found a snail-covered altar of Cheibriados.
  4409 | D:5      | Found an opulent altar of Gozag.
  4412 | D:5      | Found a hazy altar of Hepliaklqana.
  4416 | D:5      | Became a worshipper of Hepliaklqana the Forgotten
  4523 | D:5      | Reached XP level 8. HP: 54/63 MP: 7/7
  5204 | D:6      | Reached skill level 12 in Maces & Flails
  5612 | D:6      | Found a bloodstained altar of Trog.
  5613 | D:6      | Noticed a wizard
  5619 | D:6      | Killed a wizard
  5670 | D:6      | Noticed a kobold demonologist
  5681 | D:6      | Noticed a red devil
  5682 | D:6      | Killed a kobold demonologist
  5737 | D:6      | Reached * piety under Hepliaklqana
  5759 | D:6      | Slain by a gnoll sergeant

Illustrated notes

Levels and vault maps discovered:
D:1:      eino_arrival_water_cross, layout_basic,
          hellmonk_ecumenical_altar_lost_god, minmay_misc_feat_hallway
D:2:      layout_loops_ring, minmay_tetromino_l4
D:3:      layout_loops_cross, mainiacjoe_overflow_tiny_flanked, serial_shops,
          nicolae_shop_crystal, nicolae_shop_statue_plus,
          nicolae_shop_temple_entry_statues_fountains, nicolae_lakefront_shop,
          shop_coins
D:4:      layout_loops_cross, nicolae_sif_muna_condensation, uniq_grinder
D:5:      layout_loops_corners, grunt_temple_overflow_cloverleaf, minivault_11
D:6:      layout_loops_cross, trog_wizard, kennysheep_small_square

Skill      XL: |  1  2  3  4  5  6  7  8 |
---------------+-------------------------+-----
Maces & Flails | 4 5 6 8 10 11 12 | 12.6
Armour         | 2 4 |  4.9
Fighting       | 3 4 |  4.8
Throwing       | |  2.0
Dodging        | |  3.2
Shields        | |  0.4

Action                   |  1- 3 |  4- 6 |  7- 9 || total
-------------------------+-------+-------+-------++-------
Melee: Flail             |    72 |    65 |       ||   137
       Headbutt          |    10 |    12 |    26 ||    48
       Punch             |       |     2 |     2 ||     4
       Morningstar       |       |    25 |   143 ||   168
Throw: Dart              |       |     3 |     2 ||     5
  Use: Scroll            |       |    13 |       ||    13
 Stab: Sleeping          |     1 |       |       ||     1
Armor: Leather armour    |    19 |    13 |       ||    32
       Chain mail        |       |     8 |    52 ||    60
Dodge: Dodged            |    69 |    40 |    40 ||   149
Block: Buckler           |       |       |     2 ||     2
